 Dungeon Crawl Stone Soup version 0.29-a0-802-g34511f41fd (webtiles) character file.

Game seed: 15520738332288533797

27 Sabo the Shield-Bearer (level 3, -3/29 HPs)
             Began as a Formicid Fighter on July 4, 2022.
             Slain by an orc priest
             ... wielding a +0 falchion
              (7 damage)
             ... on level 2 of the Dungeon.
             The game lasted 00:03:45 (803 turns).

Sabo the Shield-Bearer (Formicid Fighter)            Turns: 803, Time: 00:03:45

Health: -3/29      AC:  6    Str: 22    XL:     3   Next: 25%
Magic:  3/3        EV:  9    Int:  7    God:
Gold:   83         SH:  5    Dex: 13    Spells: 2/2 levels left

rFire   . . .      SeeInvis +   a - +0 war axe
rCold   . . .      Faith    .   c - +0 buckler
rNeg    . . .      Spirit   .   b - +0 scale mail
rPois   .          Reflect  .   (helmet unavailable)
rElec   .          Harm     .   (no cloak)
rCorr   .          Rampage  .   (no gloves)
Will    .....                   (no boots)
Stlth   ..........              (no amulet)
HPRegen 0.09/turn               (no ring)
MPRegen 0.08/turn               (no ring)

@: mighty
A: permanent stasis, dig shafts and tunnels, antennae 3, four strong arms
a: Dig, Shaft Self


You were on level 2 of the Dungeon.
You visited 1 branch of the dungeon, and saw 2 of its levels.

You collected 83 gold pieces.

Inventory:

Hand Weapons
 a - a +0 war axe (weapon)
Armour
 b - a +0 scale mail (worn)
 c - a +0 buckler (worn)
Scrolls
 h - a scroll of enchant weapon {unknown}
 i - a scroll of torment {unknown}
 j - a scroll of poison {unknown}
 k - a scroll of fog {unknown}
 m - a scroll of teleportation {unknown}
Potions
 e - a potion of resistance {unknown}
 g - a potion of lignification {unknown}
 l - a potion of curing {unknown}


   Skills:
 + Level 3.6 Fighting
 + Level 2.5 Axes
 + Level 3.5 Armour
 + Level 4.4 Shields


You had 2 spell levels left.
You didn't know any spells.
Your spell library contained the following spells:

 Spells                   Type           Power      Damage    Failure   Level
 Beastly Appendage        Tmut           0%         N/A       83%         1
 Wereblood                Tmut           0%         N/A       92%         2
 Ozocubu's Armour         Ice            0%         N/A       99%         3
 Spider Form              Tmut/Pois      0%         N/A       99%         3
 Ozocubu's Refrigeration  Ice            0%         4d5       100%        7


Dungeon Overview and Level Annotations

Branches:
Dungeon (2/15)

Altars:


Innate Abilities, Weirdness & Mutations

You cannot be hasted, slowed, berserked, paralysed or teleported.
You can dig through walls and to a lower floor.
You have a pair of large antennae on your head. (SInv)
Your four strong arms can wield two-handed weapons with a shield.


Message History

There is a stone staircase leading down here.
You see here a +0 helmet.
You climb downwards.
The orc shouts!
The orc wizard shouts!
There is a stone staircase leading up here.
The orc wizard hits you with a +0 dagger.
You hit the orc wizard but do no damage.
You hit the orc. You closely miss the orc priest.
The orc wizard hits you but does no damage.
The orc hits you with a +0 club.
The orc priest hits you but does no damage.
The bat closely misses you.
You hit the orc wizard but do no damage.
You hit the bat.
You kill the bat!
You barely miss the orc. You closely miss the orc priest.
The orc priest calls upon Beogh to heal the orc.
The orc's wounds heal themselves!
You block the orc wizard's attack. The orc closely misses you.
You closely miss the orc wizard. You closely miss the orc.
You hit the orc priest but do no damage.
The orc wizard barely misses you. The orc priest barely misses you.
The orc hits you but does no damage. The orc barely misses you.
The orc wizard barely misses you.
The orc priest mumbles some strange prayers to Beogh against you.
Beogh smites you!
You barely miss the orc wizard. You barely miss the orc.
You slash the orc priest!
The orc priest calls down the wrath of Beogh upon you.
Pain shoots through your body!
* * * LOW HITPOINT WARNING * * *
The orc hits you with a +0 club.
* * * LOW HITPOINT WARNING * * *
The orc wizard casts a spell.
The orc wizard flickers and vanishes for a moment.
You feel very mighty all of a sudden.
The orc wizard hits you with a +0 dagger.
* * * LOW HITPOINT WARNING * * *
The orc priest hits you with a +0 falchion!
You die...

##########.#
##.##...........
#.....oo.......#
#.Bo@<# #######
{


You could see an orc priest, an orc wizard (invisible), an orc and a giant
cockroach.

Vanquished Creatures
  A bat (D:2)
  2 endoplasms (D:1)
  A giant cockroach (D:1)
  7 goblins (D:1)
  A hobgoblin (D:1)
  2 kobolds (D:1)
  A quokka (D:1)
  4 ball pythons (D:1)
  3 frilled lizards (D:1)
  3 rats (D:1)
25 creatures vanquished.

Notes
Turn   | Place    | Note
-------+----------+-------------------------------------------
     0 | D:1      | Sabo the Formicid Fighter began the quest for the Orb.
     0 | D:1      | Reached XP level 1. HP: 18/18 MP: 1/1
    73 | D:1      | Reached XP level 2. HP: 19/24 MP: 2/2
   502 | D:1      | Reached XP level 3. HP: 29/29 MP: 3/3
   803 | D:2      | Slain by an orc priest

Illustrated notes

Levels and vault maps discovered:
D:1:      spicycebolla_green_bress_n_ham, layout_rooms
D:2:      layout_basic, shapermc_ecumenical_altar_mp_ritualfount

Action                   || total
-------------------------++-------
Melee: War axe           ||    51
  Use: Potion            ||     1
Armor: Scale mail        ||    26
Dodge: Dodged            ||    27
Block: Buckler           ||    13

Table legend: (Time is in decaauts)
 A = Elapsed time spent in this place.
 B = Non-inter-level travel time spent in this place.
 C = Inter-level travel time spent in this place.
 D = Time resting spent in this place.
 E = Time spent auto-exploring this place.
 F = Levels seen in this place.
 G = Mean time per level.
                   A        B        C        D        E       F      G
               +--------+--------+--------+--------+--------+-----+--------+
         Total |    825 |    825 |      0 |    145 |      0 |   2 |  412.5 |
       Dungeon |    825 |    825 |      0 |    145 |      0 |   2 |  412.5 |
               +--------+--------+--------+--------+--------+-----+--------+

Top non-repeatable levels by time:
     D:1: 817 daAuts
     D:2: 7 daAuts
